 Dungeon Crawl Stone Soup version 0.31-a0-1300-gb6740aa4e6 (webtiles) character file.

Game seed: 6484410561332345452

152 LeprechaunX the Changeling (level 5, 0/35 HPs)
             Began as an Octopode Shapeshifter on Dec 18, 2023.
             Slain by a cerulean imp
             ... wielding a +2 spear
             ... summoned by Natasha
              (3 damage)
             ... on level 2 of the Dungeon.
             The game lasted 00:02:05 (1333 turns).

LeprechaunX the Changeling (Octopode Shapeshifter)  Turns: 1333, Time: 00:02:06

Health: 0/35       AC:  1    Str: 13    XL:     5   Next: 34%
Magic:  6/6        EV: 13    Int: 13    God:
Gold:   35         SH:  0    Dex: 13    Spells: 6/6 levels left

rFire   . .          .
                       - Unarmed
rCold   . . .        (no shield)
rNeg    . . .        (helmet currently unavailable)
rPois   .            (no amulet)
rElec   .            (no ring)
rCorr   .            (no ring)
SInv    .            (no ring)
Will    .....        (no ring)
Stlth   ++           (no ring)
HPRegen 0.25/turn    (no ring)
MPRegen 0.10/turn    (no ring)
                     (no ring)

%: no passive effects
@: beast-form
A: beast (slay +2), almost no armour, amphibious, 8 rings, camouflage 1,
gelatinous body 1, (nimble swimmer 1), tentacles
a: Begin Untransformation


You were on level 2 of the Dungeon.
You were a hulking beast.
You visited 1 branch of the dungeon, and saw 2 of its levels.

You collected 35 gold pieces.

Inventory:

Hand Weapons
 a - a +0 sling
Talismans
 b - a beast talisman
 c - a flux talisman
Scrolls
 e - a scroll of silence {unknown}
 i - a scroll of identify {unknown}
 j - a scroll of teleportation {unknown}
Potions
 d - a potion of curing {unknown}
 f - a potion of cancellation {unknown}
 g - 2 potions of attraction {unknown}
 h - a potion of lignification


   Skills:
 + Level 2.3 Fighting
 - Level 2.0 Dodging
 + Level 3.7 Unarmed Combat
 + Level 1.2 Spellcasting
 * Level 4.2 Shapeshifting


You had 6 spell levels left.
You didn't know any spells.
Your spell library contained the following spells:

 Spells                   Type           Power      Damage    Failure   Level
 Dazzling Flash           Conj/Hex       0%         N/A       63%         3
 Ozocubu's Armour         Ice            0%         N/A       63%         3
 Stone Arrow              Conj/Erth      0%         3d7       63%         3
 Summon Guardian Golem    Hex/Summ       0%         N/A       63%         3
 Ozocubu's Refrigeration  Ice            0%         4d7       100%        7
 Lehudib's Crystal Spear  Conj/Erth      0%         10d2      100%        8


Dungeon Overview and Level Annotations

Branches:
Dungeon (2/15)

Altars:

Annotations:
D:2 Natasha


Innate Abilities, Weirdness & Mutations

You are a hulking beast.
Your limbs bulge with bestial killing power. (Slay +2)
You cannot wear most types of armour.
You are amphibious.
You can wear up to eight rings at the same time.
Your skin changes colour to match your surroundings (Stealth+).
Your rubbery body absorbs attacks. (AC +1, EV +1)
((You are camouflaged when in or above water. (Stealth+)))
You have tentacles for arms and can constrict up to eight enemies at once.


Message History

The cerulean imp is heavily wounded.
Natasha barely misses you.
You tentacle-slap the cerulean imp. You grab the cerulean imp.
Your squeeze misses the cerulean imp.
The cerulean imp is severely wounded.
You constrict the cerulean imp. The cerulean imp misses you.
The cerulean imp hits you with a +2 spear!
Natasha zaps a wand.
The puff of flame hits you!
You are too injured to fight recklessly!
You are too injured to fight recklessly!
You are too injured to fight recklessly!
You are too injured to fight recklessly!
You are too injured to fight recklessly!
You are too injured to fight recklessly!
You are too injured to fight recklessly!
You are too injured to fight recklessly!
You are too injured to fight recklessly!
You are too injured to fight recklessly!
You are too injured to fight recklessly!
You are too injured to fight recklessly!
You are too injured to fight recklessly!
You are too injured to fight recklessly!
You are too injured to fight recklessly!
You are too injured to fight recklessly!
You are too injured to fight recklessly!
Unknown command.
You barely miss Natasha. You grab Natasha. You squeeze Natasha.
Natasha is moderately wounded.
You constrict Natasha. You constrict the cerulean imp.
The cerulean imp closely misses you.
The cerulean imp hits you with a +2 spear.
Natasha stares at you and mumbles some strange words.
The magic dart hits you!
* * * LOW HITPOINT WARNING * * *
You tentacle-slap Natasha but do no damage.
Natasha is moderately wounded.
You constrict Natasha, but do no damage.
You constrict the cerulean imp, but do no damage.
The cerulean imp hits you with a +2 spear.
You die...

############## ##.# #...#........
...# #########..........## #..#
#...........#.###...## #..#
#.##########...#.#.#.####..# #.#
#<..รท..............#####
#.#######.##...#.#.#.####......##
#.........###.##)5...##..........
#..###.....##...hh5..##.#........
#...##.....####......##.#.......#
##..##................[.#........
#..##.....####......####........
#..##.....# #..##### ####...##
#..####.### #..# #...# #.......#
#..# #...# #.....### #..# ##.##
##...#.#### #..# #.#


You could see Natasha and 2 cerulean imps.

Vanquished Creatures
  Natasha (twice) (D:2)
  Robin (D:2)
  An adder (D:2)
  A gnoll (D:1)
  2 worms (D:2)
  2 dart slugs (D:2)
  3 bats
  5 endoplasms
  2 giant cockroaches (D:1)
  16 goblins
  7 hobgoblins
  A quokka (D:2)
  6 ball pythons
  2 frilled lizards
  2 kobolds (D:2)
  7 rats
60 creatures vanquished.

Notes
Turn   | Place    | Note
-------+----------+-------------------------------------------
     0 | D:1      | LeprechaunX the Octopode Shapeshifter began the quest for
                  | the Orb.
     0 | D:1      | Reached XP level 1. HP: 13/13 MP: 1/1
   142 | D:1      | Reached XP level 2. HP: 16/18 MP: 2/2
   263 | D:1      | Reached XP level 3. HP: 23/23 MP: 3/3
   646 | D:2      | Noticed Robin
   710 | D:2      | Reached XP level 4. HP: 22/29 MP: 4/4
   789 | D:2      | Killed Robin
  1067 | D:2      | Noticed Natasha
  1071 | D:2      | Killed Natasha
  1072 | D:2      | Reached skill level 1 in Spellcasting
  1072 | D:2      | Reached skill level 4 in Shapeshifting
  1081 | D:2      | Reached XP level 5. HP: 34/34 MP: 6/6
  1085 | D:2      | Got the Vellum of the Cwm and Malediction
  1232 | D:2      | Noticed Natasha
  1241 | D:2      | Killed Natasha
  1325 | D:2      | Noticed Natasha
  1333 | D:2      | Slain by a cerulean imp

Illustrated notes

Levels and vault maps discovered:
D:1:      dpeg_arrival_three_same_balls, layout_rooms, nrook_mini_vaults
D:2:      layout_loops_ring, uniq_natasha, uniq_robin

Skill      XL: |  1  2  3  4 |
---------------+-------------+-----
Fighting       | 2 |  2.3
Spellcasting   | 1 |  1.2
Shapeshifting  | 4 |  4.2
Dodging        | |  2.0
Unarmed Combat | |  3.7

Action                     |  1- 3 |  4- 6 || total
---------------------------+-------+-------++-------
  Melee: Unarmed           |    64 |    37 ||   101
         Constrict         |    22 |    16 ||    38
         Tentacles         |    10 |    11 ||    21
   Fire: Sling             |       |     4 ||     4
   Stab: Sleeping          |     6 |     1 ||     7
         Distracted        |       |     1 ||     1
 Armour: Skin              |    30 |    24 ||    54
  Dodge: Dodged            |    36 |    27 ||    63

Table legend: (Time is in decaauts)
 A = Elapsed time spent in this place.
 B = Non-inter-level travel time spent in this place.
 C = Inter-level travel time spent in this place.
 D = Time resting spent in this place.
 E = Time spent auto-exploring this place.
 F = Levels seen in this place.
 G = Mean time per level.
                   A        B        C        D        E       F      G
               +--------+--------+--------+--------+--------+-----+--------+
         Total |   1326 |   1314 |     12 |     24 |    960 |   2 |  663.0 |
       Dungeon |   1326 |   1314 |     12 |     24 |    960 |   2 |  663.0 |
               +--------+--------+--------+--------+--------+-----+--------+

Top non-repeatable levels by time:
     D:2: 804 daAuts
     D:1: 521 daAuts
